 Dungeon Crawl Stone Soup version 0.30-a0-354-g6b83867211 (webtiles) character file.

Game seed: 5846766956168105436

407 IdlyInterested the Slasher (level 6, -1/47 HPs)
             Began as a Demonspawn Wanderer on Nov 7, 2022.
             Slain by a gnoll
             ... wielding a +0 halberd
              (5 damage)
             ... on level 3 of the Dungeon.
             The game lasted 00:10:57 (2977 turns).

IdlyInterested the Slasher (Demonspawn Wanderer)    Turns: 2977, Time: 00:10:58

Health: -1/47      AC:  6    Str: 12    XL:     6   Next: 57%
Magic:  6/6        EV:  9    Int: 12    God:
Gold:   113        SH:  0    Dex: 16    Spells: 5/5 levels left

rFire   . . .      SeeInvis .    c - +0 falchion
rCold   . . .      Faith    .    (no shield)
rNeg    . . .      Spirit   .    l - +0 scale mail
rPois   .          Reflect  .    (no helmet)
rElec   .          Harm     .    (no cloak)
rCorr   .          Rampage  .    (no gloves)
Will    .....                    (no boots)
Stlth   +.........               (no amulet)
HPRegen 0.27/turn                v - +4 ring of slaying
MPRegen 0.10/turn                (no ring)

@: no status effects
A: claws 2
a: no special abilities


You were on level 3 of the Dungeon.
You visited 1 branch of the dungeon, and saw 3 of its levels.

You collected 113 gold pieces.

Inventory:

Hand Weapons
 a - a +2 dagger
 b - a +0 falchion
 c - a +0 falchion (weapon)
 j - a +0 short sword
Missiles
 m - 9 poisoned darts (quivered)
Armour
 d - a +0 ring mail
 l - a +0 scale mail (worn)
 o - a +0 chain mail
Jewellery
 v - a +4 ring of slaying (left claw)
Wands
 f - a wand of roots (9)
Scrolls
 h - a scroll of silence
 i - a scroll of immolation
 k - a scroll of summoning
 n - a scroll of teleportation
 u - a scroll of poison {unknown}
Potions
 e - a potion of brilliance
 g - a potion of might {unknown}
 p - a potion of resistance
 q - a potion of cancellation
 r - 2 potions of lignification
 s - a potion of haste {unknown}


   Skills:
 + Level 3.3 Fighting
 + Level 5.1 Long Blades
 - Level 1.0 Throwing
 * Level 2.9 Armour
 - Level 2.0 Dodging
 - Level 2.0 Stealth
 - Level 1.0 Evocations


You had 5 spell levels left.
You didn't know any spells.
Your spell library was empty.

Dungeon Overview and Level Annotations

Branches:
Dungeon (3/15)

Altars:
Ashenzari
Wu Jian


Innate Abilities, Weirdness & Mutations

You have very sharp fingernails.


Message History

You slash the orc!
You kill the orc!
Throw: 10 darts (poison)
Press: ? - help, Q - select action, (/) - cycle Shift-Dir - straight line, f - gnoll
Aim: a gnoll, wielding a +0 whip (69% to hit)
You throw a poisoned dart. The poisoned dart hits the gnoll.
You hit the gnoll.
The gnoll is lightly wounded.
The gnoll hits you but does no damage.
You closely miss the gnoll.
The gnoll is lightly wounded.
The gnoll hits you with a +0 whip.
You closely miss the gnoll.
The gnoll is lightly wounded.
The gnoll closely misses you.
You slash the gnoll!
The gnoll is severely wounded.
The gnoll hits you with a +0 whip.
You hit the gnoll.
You kill the gnoll!
You feel better. The orc hits you with a +0 hand axe.
The gnoll barely misses you.
You hit the orc but do no damage. The orc barely misses you.
The gnoll hits you from afar with a +0 halberd.
You barely miss the orc. The orc hits you with a +0 hand axe.
The gnoll hits you from afar with a +0 halberd!
* * * LOW HITPOINT WARNING * * *
You hit the orc.
The orc is almost dead.
The orc hits you with a +0 hand axe.
* * * LOW HITPOINT WARNING * * *
The gnoll barely misses you.
You closely miss the orc.
The orc is almost dead.
The orc hits you but does no damage. The gnoll barely misses you.
You hit the orc but do no damage.
The orc is almost dead.
The orc hits you but does no damage.
The gnoll hits you from afar with a +0 halberd.
You die...

......# #...# #####.# #...#
<.....# #...# ####..### #...#
#..#.#### ####..#.... ...#.#..# #
##.._..###########.#
...#)#.......ogo@..#
####÷...g########################
............)....................
~~~~~~~.o.g~~~~~~)~~~~~~~~~~~~...
≈≈≈≈~≈~....~≈≈≈≈≈≈~≈≈≈≈≈≈≈≈≈≈~...
≈~~~~≈~....~~~~≈~≈~~~≈~#####≈~...
.........o.............#goo#≈~...
#######''''#############oKg#≈~...
#....# #'###≈~P..


You could see a gnoll and 2 orcs.

Vanquished Creatures
  3 howler monkeys (D:3)
  An orc priest (D:3)
  A hound (D:3)
  4 orc wizards (D:3)
  2 gnolls (D:3)
  An adder (D:3)
  12 orcs (D:3)
  8 endoplasms
  5 giant cockroaches
  3 goblins
  3 hobgoblins
  21 jackals
  6 kobolds
  3 quokkas
  6 ball pythons
  A bat (D:1)
  A frilled lizard (D:1)
  9 rats
90 creatures vanquished.

Vanquished Creatures (others)
  2 fungi (D:2)
  4 plants
6 creatures vanquished.

Grand Total: 96 creatures vanquished

Notes
Turn   | Place    | Note
-------+----------+-------------------------------------------
     0 | D:1      | IdlyInterested the Demonspawn Wanderer began the quest for
                  | the Orb.
     0 | D:1      | IdlyInterested set off with the following items: a +2
                  | dagger, a potion of heal wounds, a +0 falchion, a +0 ring
                  | mail, a potion of brilliance.
     0 | D:1      | Reached XP level 1. HP: 16/16 MP: 1/1
     2 | D:1      | Found a runed translucent door.
   148 | D:1      | Reached skill level 2 in Long Blades
   208 | D:1      | Gained mutation: You have sharp fingernails. [demonic
                  | ancestry]
   208 | D:1      | Reached XP level 2. HP: 18/22 MP: 2/2
   966 | D:1      | Reached skill level 1 in Dodging
   966 | D:1      | Reached XP level 3. HP: 13/28 MP: 3/3
  1064 | D:2      | Found a faded altar of an unknown god.
  1980 | D:3      | Reached skill level 3 in Long Blades
  1983 | D:3      | Reached XP level 4. HP: 30/34 MP: 4/4
  2118 | D:3      | Gained mutation: You have very sharp fingernails. [demonic
                  | ancestry]
  2118 | D:3      | Reached XP level 5. HP: 22/40 MP: 5/5
  2344 | D:3      | Reached skill level 4 in Long Blades
  2454 | D:3      | Found an ornate altar of the Wu Jian Council.
  2587 | D:3      | Found a broken altar of Ashenzari.
  2750 | D:3      | Reached XP level 6. HP: 35/47 MP: 6/6
  2784 | D:3      | Reached skill level 1 in Throwing
  2792 | D:3      | Reached skill level 5 in Long Blades
  2977 | D:3      | Slain by a gnoll

Illustrated notes

Levels and vault maps discovered:
D:1:      dpeg_arrival_caged_fury, layout_basic
D:2:      layout_basic, dreamdust_ecumenical_altar_grove,
          kennysheep_generic_room_14
D:3:      lemuel_castle_with_subvaults [lemuel_castle_interior_original],
          layout_basic, lemuel_crystal_altar,
          nicolae_wu_jian_immortal_techniques

Skill      XL: |  1  2  3  4  5  6 |
---------------+-------------------+-----
Long Blades    | 2 3 4 5 |  5.1
Stealth        | 2 |  2.0
Dodging        | 1 2 |  2.0
Fighting       | 3 |  3.3
Throwing       | 1 |  1.0
Armour         | |  2.9
Evocations     | |  1.0

Action                   |  1- 3 |  4- 6 || total
-------------------------+-------+-------++-------
Melee: Falchion          |   147 |   164 ||   311
       Punch             |     4 |       ||     4
Throw: Dart              |       |     6 ||     6
  Use: Scroll            |    11 |       ||    11
       Potion            |     1 |     3 ||     4
Armor: Ring mail         |    69 |       ||    69
       Scale mail        |       |    79 ||    79
Dodge: Dodged            |    73 |    76 ||   149

Table legend: (Time is in decaauts)
 A = Elapsed time spent in this place.
 B = Non-inter-level travel time spent in this place.
 C = Inter-level travel time spent in this place.
 D = Time resting spent in this place.
 E = Time spent auto-exploring this place.
 F = Levels seen in this place.
 G = Mean time per level.
                   A        B        C        D        E       F      G
               +--------+--------+--------+--------+--------+-----+--------+
         Total |   3023 |   2783 |    240 |    274 |   1683 |   3 | 1007.7 |
       Dungeon |   3023 |   2783 |    240 |    274 |   1683 |   3 | 1007.7 |
               +--------+--------+--------+--------+--------+-----+--------+

Top non-repeatable levels by time:
     D:1: 1128 daAuts
     D:3: 1049 daAuts
     D:2: 844 daAuts
